 Dungeon Crawl Stone Soup version 0.23.1 (webtiles) character file.

Game seed: 0

20462 Fang the Fighter (level 12, -4/81 HPs)
             Began as a Gargoyle Berserker on Mar 5, 2019.
             Was a High Priest of Trog.
             Killed from afar by a white imp (13 damage)
             ... with a puff of frost
             ... on level 2 of the Lair of Beasts.
             The game lasted 00:19:52 (14737 turns).

Fang the Fighter (Gargoyle Berserker)              Turns: 14737, Time: 00:19:53

Health: -4/81      AC: 30    Str: 26    XL:     12   Next: 79%
Magic:  12/12      EV: 11    Int:  8    God:    Trog [*****.]
Gold:   637        SH:  0    Dex:  9    Spells: 11/11 levels left

rFire    + . .     SeeInvis .   q - +2 war axe
rCold    . . .     Gourm    .   (no shield)
rNeg     + . .     Faith    .   C - +0 plate armour {rF+}
rPois    ∞         Spirit   .   (no helmet)
rElec    +         Reflect  .   p - +1 cloak {MR+}
rCorr    .         Harm     .   B - +2 pair of gloves
MR       +....                  (no boots)
Stlth    ..........             o - amulet of rage
HPRegen  0.23/turn              g - ring of fire
MPRegen  0.13/turn              h - ring of ice

@: berserk cooldown, slowed, very slow
A: negative energy resistance 1, electricity resistance, unbreathing,
petrification resistance, rot immunity, AC +8
a: Berserk, Trog's Hand, Brothers in Arms, Renounce Religion, Evoke Berserk Rage


You were on level 2 of the Lair of Beasts.
You worshipped Trog.
Trog was extremely pleased with you.
You were hungry.

You visited 3 branches of the dungeon, and saw 14 of its levels.

You collected 637 gold pieces.

Inventory:

Hand Weapons
 i - a +2 antimagic battleaxe
 l - a +1 battleaxe
 q - a +2 war axe (weapon)
Armour
 p - a +1 cloak of magic resistance (worn)
 B - a +2 pair of gloves (worn)
 C - a +0 plate armour of fire resistance (worn)
Jewellery
 g - a ring of fire (left hand)
 h - a ring of ice (right hand)
 o - an amulet of rage (around neck)
Wands
 e - a wand of disintegration (1)
 z - a wand of digging (3)
 D - a wand of polymorph (8)
Scrolls
 f - 6 scrolls of remove curse
 n - a scroll of fear
 r - 3 scrolls of identify
 s - 3 scrolls of teleportation
 t - a scroll of magic mapping
 y - a scroll of blinking
Potions
 a - a potion of berserk rage
 b - 5 potions of flight
 d - 3 potions of haste
 j - 4 potions of agility
 k - 3 potions of might
 m - a potion of invisibility
 u - a potion of heal wounds
 v - a potion of ambrosia
 x - a potion of brilliance
 A - 2 potions of resistance
Comestibles
 c - 29 rations


   Skills:
 + Level 11.8 Fighting
 + Level 10.1 Axes
 + Level 11.5 Armour
 + Level 9.1 Dodging


You had 11 spell levels left.
You didn't know any spells.
Your spell library was empty.

Dungeon Overview and Level Annotations

Branches:
Dungeon (11/15)            Temple (1/1) D:7            Lair (2/6) D:10
  Swamp (0/4) Lair:2
  Snake: Lair:2-4    Spider: Lair:2-4       Orc: D:9-12

Altars:
Ashenzari
Cheibriados
Elyvilon
Gozag
Nemelex Xobeh
Okawaru
Qazlal
Sif Muna
Trog
Uskayaw
Vehumet
Xom
Zin
The Shining One

Shops:
D:4 }[%*[

Annotations:
D:6 2 transporters, TarVian's ghost, novice DsCK
D:7 3 runed translucent doors, lunkers's ghost, novice DsIE
Lair:2 exclusion: ice statue


Innate Abilities, Weirdness & Mutations

You are resistant to torment.
Your stone body is resilient. (AC +8)
You are immune to poison.
You resist negative energy. (rN+)
You are resistant to electric shocks. (rElec)
You can survive without breathing.
You are immune to petrification.
You are immune to rotting.


Message History

* * * LOW HITPOINT WARNING * * *
The white imp gestures at you. The puff of frost misses you.
The white imp gestures at you.
The puff of frost hits you but does no damage.
The ice beast hits you but does no damage.
The white imp hits you but does no damage.
Your troll goes berserk!
You feel quite a bit more hungry.
The ice beast hits you but does no damage.
The white imp grins evilly.
The white imp gestures at you.
The puff of frost hits you but does no damage.
Your troll closely misses the ice beast.
Your troll claws the ice beast!! x2
The ice beast dies!
Trog accepts your kill. The white imp gestures at you.
The puff of frost hits you!
You die...

.......#.##≈§≈...§≈≈
.#..##....P...........##..≈≈≈§≈..
......≈≈.⌠#.........+.###......##
.....≈≈.≈.#.........#.##########
.≈≈≈≈.?≈≈≈.#P+#P.#.##..#####
≈≈≈≈≈≈..≈≈.................#
≈≈≈≈≈...≈≈.................#
≈≈≈≈≈≈.≈......5............# ####
≈≈≈≈≈.≈.≈.......@..........###..#
|)≈≈≈.≈........T.................
.?≈≈≈≈..%............#.#.#.####..
?:≈≈≈≈≈.....#######..####### ##..
≈≈≈≈≈.≈≈≈...# #..P# #P.#
≈≈≈≈≈≈......## ##..## ### ###.#
≈≈≈≈≈...≈≈...# #...####.###P#..
≈≈≈≈≈≈.≈≈...#######.............#
.≈≈≈≈.≈≈≈≈.........<.............


You could see a white imp and a friendly troll (berserk).

Vanquished Creatures
  A hydra (Lair:1)
  An ice dragon (Lair:2)
  Urug (D:11)
  3 unseen horrors
  A lindwurm (Lair:2)
  2 ugly things
  A manticore (D:11)
  A cyclops (D:10)
  A black mamba (Lair:1)
  3 spiny frogs
  Maurice (D:10)
  2 komodo dragons (Lair:1)
  2 polar bears (Lair:2)
  Grinder (D:4)
  2 hippogriffs
  A vampire (D:10)
  17 yaks
  A spriggan (D:7)
  A wyvern (D:9)
  Eustachio (D:5)
  3 basilisks
  2 swamp worms (Lair:2)
  3 water moccasins
  4 orc warriors
  4 porcupines (Lair:2)
  6 ice beasts
  2 phantoms
  2 sky beasts
  An eye of draining (D:11)
  4 ogres
  6 wolves (Lair:1)
  7 centaurs
  6 crocodiles
  A big kobold (D:10)
  11 bullfrogs
  3 wyvern zombies
  A water moccasin zombie (D:11)
  4 scorpions
  6 killer bees (D:9)
  5 wights (D:11)
  An electric eel (Lair:2)
  6 howler monkeys
  A bullfrog zombie (D:8)
  4 crimson imps
  4 jellies
  An orc priest (D:4)
  3 hounds
  7 bullfrog skeletons
  A centaur skeleton (D:8)
  12 orc wizards
  Crazy Yiuf (D:2)
  2 iguanas
  Natasha (thrice) (D:3)
  5 worker ants
  2 hound zombies
  4 hound skeletons
  A mummy (D:5)
  3 worker ant zombies
  4 gnolls
  11 adders
  2 shadow imps (D:11)
  A white imp (Lair:2)
  6 oozes
  2 adder zombies
  An adder skeleton (D:7)
  4 worms
  2 dart slugs (D:1)
  3 leopard geckos
  49 orcs
  A ball python (D:6)
  6 bats
  4 giant cockroaches
  11 goblins
  8 hobgoblins
  9 jackals
  16 kobolds
  8 quokkas
  4 frilled lizards
  A goblin zombie (D:4)
  A leopard gecko skeleton (D:8)
  6 rats
  A rat zombie (D:4)
347 creatures vanquished.

Vanquished Creatures (collateral kills)
  A hydra (D:11)
  A deep elf mage (D:10)
  2 ugly things (D:10)
  A slime creature (D:10)
  An ice beast (Lair:2)
  A bullfrog (D:10)
7 creatures vanquished.

Vanquished Creatures (others)
  A sky beast (D:7)
  A howler monkey zombie (D:7)
2 creatures vanquished.

Grand Total: 356 creatures vanquished

Notes
Turn   | Place    | Note
-------+----------+-------------------------------------------
     0 | D:1      | Fang the Gargoyle Berserker began the quest for the Orb.
     0 | D:1      | Reached XP level 1. HP: 14/14 MP: 1/1
    48 | D:1      | Reached XP level 2. HP: 16/19 MP: 2/2
   113 | D:1      | Reached XP level 3. HP: 15/23 MP: 3/3
   489 | D:1      | Reached ** piety under Trog
   606 | D:1      | Reached XP level 4. HP: 25/29 MP: 4/4
  1583 | D:2      | Found a hide-covered altar of Uskayaw.
  1831 | D:2      | Found a runed translucent door.
  1832 | D:2      | Noticed Crazy Yiuf
  2073 | D:2      | Killed Crazy Yiuf
  2073 | D:2      | Reached XP level 5. HP: 33/33 MP: 5/5
  2275 | D:3      | Reached *** piety under Trog
  2332 | D:3      | Noticed Natasha
  2355 | D:3      | Killed Natasha
  2556 | D:3      | Reached XP level 6. HP: 34/39 MP: 6/6
  2595 | D:3      | Noticed an ice beast
  2596 | D:3      | Noticed Natasha
  2607 | D:3      | Killed an ice beast
  2616 | D:3      | Killed Natasha
  2728 | D:3      | Noticed Natasha
  2740 | D:3      | Killed Natasha
  2787 | D:3      | Reached skill level 5 in Fighting
  2796 | D:3      | Reached XP level 7. HP: 28/44 MP: 7/7
  3061 | D:4      | Found Zal Witt's Assorted Antiques.
  3219 | D:4      | Noticed Grinder
  3234 | D:4      | Killed Grinder
  3234 | D:4      | Reached skill level 5 in Armour
  3256 | D:4      | Reached XP level 8. HP: 51/51 MP: 8/8
  3273 | D:4      | Reached **** piety under Trog
  3273 | D:4      | Reached skill level 5 in Axes
  3420 | D:4      | Found Diles's Armour Shoppe.
  3451 | D:4      | Found Aqibekh's Food Shoppe.
  3539 | D:4      | Found Usmeh's Gadget Emporium.
  3756 | D:4      | Found Duus's Armour Emporium.
  3892 | D:5      | Entered Level 5 of the Dungeon
  4009 | D:5      | Noticed Eustachio
  4054 | D:5      | Killed Eustachio
  4074 | D:5      | Found a shattered altar of Ashenzari.
  4106 | D:5      | Found a white marble altar of Elyvilon.
  4154 | D:5      | Found a sparkling altar of Nemelex Xobeh.
  4155 | D:5      | Found an opulent altar of Gozag.
  4217 | D:5      | Found an iron altar of Okawaru.
  4398 | D:5      | Found a snail-covered altar of Cheibriados.
  4566 | D:6      | Found a white marble altar of Elyvilon.
  4582 | D:6      | Noticed a vampire
  4584 | D:6      | Found a transporter.
  4592 | D:6      | Noticed TarVian's ghost (novice DsCK)
  4601 | D:6      | Found a transporter.
  4698 | D:6      | Found a glowing golden altar of the Shining One.
  4838 | D:6      | Reached XP level 9. HP: 51/56 MP: 9/9
  4959 | D:6      | Reached skill level 5 in Dodging
  5135 | D:6      | Found a bloodstained altar of Trog.
  5141 | D:6      | Reached ***** piety under Trog
  5390 | D:6      | Found a deep blue altar of Sif Muna.
  5392 | D:6      | Found a radiant altar of Vehumet.
  5394 | D:6      | Found a glowing silver altar of Zin.
  5585 | D:7      | Found a runed translucent gate.
  5585 | D:7      | Found a runed translucent gate.
  5585 | D:7      | Found a runed translucent gate.
  5587 | D:7      | Noticed lunkers's ghost (novice DsIE)
  5862 | D:7      | Reached XP level 10. HP: 45/64 MP: 10/10
  6631 | D:7      | Found a staircase to the Ecumenical Temple.
  6641 | Temple   | Entered the Ecumenical Temple
  6943 | D:8      | Received a gift from Trog
  8140 | D:9      | Found a stormy altar of Qazlal.
  8251 | D:9      | Found a shimmering altar of Xom.
  8463 | D:10     | Entered Level 10 of the Dungeon
  8464 | D:10     | Found a staircase to the Lair.
  8821 | D:10     | Killed an unseen horror
  8821 | D:10     | Reached XP level 11. HP: 60/72 MP: 3/11
  8828 | D:10     | Noticed Maurice
  8875 | D:10     | Killed Maurice
  9229 | D:10     | Noticed a white ugly thing
  9230 | D:10     | Noticed a cyclops
  9230 | D:10     | Noticed a red ugly thing
  9234 | D:10     | Noticed a deep elf mage
  9237 | D:10     | Killed a white ugly thing
  9242 | D:10     | Killed a white ugly thing
  9248 | D:10     | Killed a deep elf mage
  9248 | D:10     | Reached skill level 10 in Fighting
  9253 | D:10     | Killed a cyclops
  9650 | D:10     | Noticed a cyan ugly thing
  9663 | D:10     | Killed a cyan ugly thing
 10027 | Lair:1   | Entered Level 1 of the Lair of Beasts
 10071 | D:11     | Killed an unseen horror
 10411 | D:11     | Noticed a manticore
 10422 | D:11     | Killed a manticore
 10422 | D:11     | Reached skill level 10 in Armour
 10534 | D:11     | Killed an unseen horror
 11196 | D:11     | Noticed a purple ugly thing
 11202 | D:11     | Killed a purple ugly thing
 11244 | D:11     | Noticed Urug
 11256 | D:11     | Killed Urug
 11568 | D:11     | Noticed a seven-headed hydra
 11575 | D:11     | Killed a nine-headed hydra
 12014 | Lair:1   | Reached XP level 12. HP: 27/79 MP: 4/12
 12094 | Lair:1   | Noticed a six-headed hydra
 12115 | Lair:1   | Killed an eight-headed hydra
 12871 | Lair:1   | Found a radiant altar of Vehumet.
 13692 | Lair:2   | Found a staircase to the Swamp.
 13717 | Lair:2   | Received a gift from Trog
 14007 | Lair:2   | HP: 3/120 [polar bear (14)]
 14680 | Lair:2   | Reached skill level 10 in Axes
 14700 | Lair:2   | Noticed an ice dragon
 14719 | Lair:2   | Killed an ice dragon
 14737 | Lair:2   | Killed from afar by a white imp

Skill      XL: |  1  2  3  4  5  6  7  8  9 10 11 12 |
---------------+-------------------------------------+-----
Axes           | 3 4 5 6 8 9 10 | 10.1
Dodging        | 2 3 4 6 7 8 9 |  9.1
Armour         | 3 4 5 6 7 9 10 11 | 11.5
Fighting       | 4 5 6 8 9 10 11 | 11.8

Action                   |  1- 3 |  4- 6 |  7- 9 | 10-12 || total
-------------------------+-------+-------+-------+-------++-------
Melee: Hand axe          |    82 |   130 |       |       ||   212
       War axe           |       |    89 |   401 |   355 ||   845
       Battleaxe         |       |       |       |   407 ||   407
Invok: Berserk           |     1 |     3 |     2 |    13 ||    19
       Brothers in Arms  |       |       |       |     4 ||     4
  Use: Scroll            |       |       |       |    27 ||    27
       Potion            |       |       |       |     2 ||     2
  Eat: Chunk             |       |     9 |    13 |    29 ||    51
       Ration            |       |       |       |     4 ||     4
Armor: Animal skin       |    24 |    18 |       |       ||    42
       Chain mail        |       |   145 |       |       ||   145
       Plate armour      |       |       |   352 |   939 ||  1291
Dodge: Dodged            |    65 |   129 |   228 |   530 ||   952
